Description

7:22 factory and reactor for widow mine

VOD

https://www.youtube.com/watch?v=pdgq5HA7Kv4&feature=emb_logo

Build Order

Get SALT Encoding   

  20  1:30  Reaper  Reaper Expand
  23  2:11  Factory  
  23  2:21  Barracks Reactor  Swap Factory > x6 Hellions > Push
  26  2:47  Command Center  3th Command Center
  27  2:57  Orbital Command  
  27  3:04  Starport  > Viking > Liberator > Push with 10 hellions
  30  3:12  Refinery  2do Principal Refinery
  49  4:05  Orbital Command  
  57  4:19  Barracks Tech Lab  
  63  4:43  Stimpack  
  69  4:56  Barracks x2  
  69  5:00  Starport Reactor  > Starport Reactor
  70  5:06  Engineering Bay x2  
  73  5:16   Refinery  
  80  5:45  Factory Tech Lab  > Tank
  82  6:20  Medivac  
  74  5:38  Barracks Reactor x2  > X2 reactor
  101  7:04  Armory  
  110  7:22  Command Center  
Spawning Tool Build Advisor. Get it on Overwolf

Go to:

Details

  • Created by: P@tsu
  • Published on: Nov 14, 2020
  • Modified on: Nov 14, 2020
  • Patch: 4.11.0
  • Difficulty: Medium
Show
View Real Time Build Order
Export as new Build Order

Comments (0)

There are no comments. Be the first!

Create an account to comment!